2374 views
Uploaded 2021-12-09 04:56:03
Game version 1.32.10
13:17 long 1on1 ladder game on (2)TerenasStand_LV
Saved by SleepyBear
2374 views
Uploaded 2021-12-09 04:56:03
Game version 1.32.10
13:17 long 1on1 ladder game on (2)TerenasStand_LV

25 units @ 3.9k
/ 0.3k
14 buildings @ 2.1k
/ 0.9k


| Healing Salve | 2 | 200 |
| Lesser Clarity Potion | 4 | 280 |
| Scroll of Speed | 1 | 50 |
| Potion of Healing | 2 | 300 |
| total: | 9 | 830g |
| Peon | 8 | 600 | / | 0 |
| Grunt | 9 | 1800 | / | 0 |
| Raider | 7 | 1260 | / | 280 |
| Wind Rider | 1 | 265 | / | 40 |
| total: | 25 | 3925g | / | 320w |
| Watch Tower | 3 | 330 | / | 240 |
| Altar of Storms | 1 | 180 | / | 50 |
| Orc Burrow | 4 | 640 | / | 160 |
| Barracks | 1 | 180 | / | 50 |
| Voodoo Lounge | 1 | 130 | / | 30 |
| War Mill | 1 | 205 | / | 0 |
| Beastiary | 3 | 435 | / | 420 |
| Stronghold | 1 | 315 | / | 190 |
| total: | 14 | 2100g | / | 950w |
| 0:02 | Peon |
| 0:02 | Peon |
| 0:10 | Altar of Storms |
| 0:13 | Orc Burrow |
| 0:17 | Peon |
| 0:52 | Barracks |
| 0:57 | Peon |
| 0:57 | Peon |
| 0:57 | Peon |
| 1:32 | Peon |
| 1:46 | Voodoo Lounge |
| 2:00 | Peon |
| 2:06 | Orc Burrow |
| 2:08 | Orc Burrow |
| 2:21 | Feral Spirit |
| 2:39 | War Mill |
| 3:29 | Stronghold |
| 3:51 | Orc Burrow |
| 4:20 | Steel Melee Weapons |
| 4:20 | Steel Armor |
| 4:51 | Watch Tower |
| 4:52 | Watch Tower |
| 4:54 | Healing Salve |
| 4:54 | Lesser Clarity Potion |
| 4:55 | Scroll of Speed |
| 5:09 | Grunt |
| 5:10 | Grunt |
| 6:13 | Beastiary |
| 6:14 | Beastiary |
| 6:35 | Pillage |
| 6:37 | Thorium Melee Weapons |
| 6:40 | Grunt |
| 6:57 | Lesser Clarity Potion |
| 7:27 | Raider |
| 7:59 | Raider |
| 8:00 | Ensnare |
| 8:08 | Chain Lighting |
| 8:08 | Chain Lighting |
| 8:35 | Grunt |
| 9:19 | Raider |
| 9:28 | Potion of Healing |
| 9:57 | Grunt |
| 9:57 | Grunt |
| 10:25 | Grunt |
| 10:55 | Watch Tower |
| 10:57 | Beastiary |
| 11:10 | War Stomp |
| 11:18 | Grunt |
| 11:20 | Raider |
| 11:56 | Raider |
| 11:57 | Raider |
| 12:01 | Grunt |
| 12:03 | Healing Salve |
| 12:17 | Lesser Clarity Potion |
| 12:56 | Potion of Healing |
| 12:56 | Lesser Clarity Potion |
| 13:03 | Feral Spirit |
| 13:08 | Wind Rider |
| 13:09 | Raider |
| 13:11 | Endurance Aura |
| Right click | 644 |
| Select group | 260 |
| Select | 215 |
| Build/train/purchase | 78 |
| Assign group | 34 |
| Use ability | 15 |
| Esc | 2 |
| Minimap ping | 2 |
| Misc. action | 1 |
15 units @ 2.6k
/ 0.4k
17 buildings @ 2.7k
/ 0.8k


| Rod of Necromancy | 2 | 300 |
| Potion of Healing | 1 | 150 |
| total: | 3 | 450g |
| Acolyte | 2 | 150 | / | 0 |
| Ghoul | 5 | 600 | / | 0 |
| Crypt Fiend | 5 | 1075 | / | 200 |
| Obsidian Statue | 2 | 400 | / | 70 |
| Goblin Shredder | 1 | 375 | / | 100 |
| total: | 15 | 2600g | / | 370w |
| Nerubian Tower | 1 | 100 | / | 20 |
| Altar of Darkness | 2 | 360 | / | 100 |
| Crypt | 2 | 400 | / | 100 |
| Ziggurat | 5 | 750 | / | 250 |
| Tomb of Relics | 4 | 520 | / | 120 |
| Graveyard | 2 | 430 | / | 0 |
| Slaughterhouse | 2 | 280 | / | 270 |
| Halls of the Dead | 1 | 320 | / | 210 |
| total: | 17 | 2740g | / | 840w |
| 0:03 | Acolyte |
| 0:06 | Altar of Darkness |
| 0:10 | Crypt |
| 0:24 | Ziggurat |
| 0:33 | Acolyte |
| 0:49 | Tomb of Relics |
| 0:50 | Tomb of Relics |
| 1:13 | Ghoul |
| 1:22 | Ghoul |
| 1:38 | Graveyard |
| 1:49 | Ghoul |
| 2:09 | Ghoul |
| 2:15 | Death Coil |
| 2:20 | Ziggurat |
| 2:54 | Rod of Necromancy |
| 3:20 | Crypt Fiend |
| 3:48 | Halls of the Dead |
| 3:49 | Ziggurat |
| 4:15 | Crypt Fiend |
| 4:25 | Ziggurat |
| 4:45 | Ghoul |
| 4:46 | Crypt Fiend |
| 4:59 | Unholy Aura |
| 5:04 | Crypt Fiend |
| 5:52 | Nerubian Tower |
| 6:11 | Death Coil |
| 6:24 | Slaughterhouse |
| 6:37 | Crypt Fiend |
| 6:38 | Burrow |
| 7:18 | Rod of Necromancy |
| 7:18 | Potion of Healing |
| 7:34 | Goblin Shredder |
| 7:44 | Frost Nova |
| 7:55 | Obsidian Statue |
| 8:46 | Obsidian Statue |
| 8:49 | Ziggurat |
| 9:38 | Unholy Aura |
| 10:34 | Crypt |
| 10:36 | Altar of Darkness |
| 10:48 | Graveyard |
| 11:06 | Tomb of Relics |
| 11:25 | Tomb of Relics |
| 11:28 | Frost Armor |
| 12:43 | Slaughterhouse |
| Right click | 773 |
| Select | 284 |
| Select group | 117 |
| Build/train/purchase | 44 |
| Misc. action | 34 |
| Use ability | 29 |
| Assign group | 21 |
| Item give/drop | 2 |
| Remove unit | 1 |